 Dungeon Crawl Stone Soup version 0.28.0 (webtiles) character file.

Game seed: 16644962966211174174

5 SnakkuSnakku7 the Digger (level 1, 0/10 HPs)
             Began as a Tengu Earth Elementalist on Feb 9, 2022.
             Slain by a quokka (3 damage)
             ... on level 1 of the Dungeon.
             The game lasted 00:00:48 (418 turns).

SnakkuSnakku7 the Digger (Tengu Earth Elementalist)  Turns: 418, Time: 00:00:49

Health: 0/10       AC:  2    Str:  8    XL:     1   Next: 80%
Magic:  0/4        EV: 13    Int: 15    God:
Gold:   17         SH:  0    Dex: 20    Spells: 3/4 levels left

rFire   . . .      SeeInvis .   (no weapon)
rCold   . . .      Faith    .   (no shield)
rNeg    . . .      Spirit   .   b - +0 robe
rPois   .          Reflect  .   (helmet restricted)
rElec   .          Harm     .   (no cloak)
rCorr   .          Rampage  .   (no gloves)
Will    .....                   (boots unavailable)
Stlth   ++........              (no amulet)
HPRegen 0.03/turn               d - +6 ring of dexterity
MPRegen 0.09/turn               (no ring)

@: no status effects
A: beak, talons 3
a: no special abilities


You were on level 1 of the Dungeon.
You visited 1 branch of the dungeon, and saw 1 of its levels.

You collected 17 gold pieces.

Inventory:

Missiles
 c - 48 stones
Armour
 b - a +0 robe (worn)
Jewellery
 d - a +6 ring of dexterity (left hand)
Scrolls
 a - a scroll of teleportation {unknown}
 f - a scroll of fear {unknown}
Potions
 e - a potion of lignification {unknown}
 g - a potion of invisibility {unknown}


   Skills:
 - Level 2.1 Dodging
 - Level 2.0 Stealth
 - Level 2.0 Spellcasting
 - Level 0.7 Transmutations
 + Level 2.5 Earth Magic


You had 3 spell levels left.
You knew the following spells:

 Your Spells              Type           Power      Damage    Failure   Level
a - Sandblast             Erth           18%        2d7       8%          1

Your spell library contained the following spells:

 Spells                   Type           Power      Damage    Failure   Level
 Passwall                 Tmut/Erth      5%         N/A       17%         2
 Stone Arrow              Conj/Erth      10%        3d7       36%         3
 Petrify                  Tmut/Erth      6%         N/A       75%         4


Dungeon Overview and Level Annotations

Branches:
Dungeon (1/15)

Altars:

Shops:
D:1 [


Innate Abilities, Weirdness & Mutations

You have a beak for a mouth.
You have claws for feet.


Message History

You see here a scroll labelled XYHIDAUHESM.
Aiming: Sandblast (safe; 9% risk of failure)
Press: ? - help, Q - select action, (/) - cycle Shift-Dir - straight line, f - frilled lizard
Aim: a frilled lizard (63% to hit)
The blast of sand misses the frilled lizard.
The frilled lizard barely misses you.
Unknown command.
Aiming: Sandblast (safe; 9% risk of failure)
Press: ? - help, Q - select action, (/) - cycle Shift-Dir - straight line, f/p - frilled lizard
Aim: a frilled lizard (63% to hit)
The blast of sand hits the frilled lizard!
You kill the frilled lizard!
Unknown command.
You see here a frilled lizard corpse.
Aiming: Sandblast (safe; 8% risk of failure)
Press: ? - help, Q - select action, (/) - cycle Shift-Dir - straight line, f - quokka
Aim: a quokka (69% to hit)
The blast of sand hits the quokka but does no damage.
The quokka bites you. x2
Ouch! That really hurt!
* * * LOW HITPOINT WARNING * * *
You see here a scroll labelled XYHIDAUHESM.
Aiming: Sandblast (safe; 8% risk of failure)
Press: ? - help, Q - select action, (/) - cycle Shift-Dir - straight line, f/p - quokka
Aim: a quokka (69% to hit)
The blast of sand hits the quokka.
The quokka is heavily wounded.
The quokka barely misses you.
You don't have enough magic to cast this spell.
Unknown command.
Unknown command.
The quokka closely misses you. The quokka misses you.
Aiming: Sandblast (safe; 8% risk of failure)
Press: ? - help, Q - select action, (/) - cycle Shift-Dir - straight line, f/p - quokka
Aim: a quokka (heavily wounded, 69% to hit)
The blast of sand hits the quokka.
The quokka is almost dead.
The quokka bites you.
You die...

#. #.##...#..#○°#.#
#.#######..##.......○○..+
#....##....##<......○.8.#
#.........#........○..+ #.###
#.........#...#..#..#.#
......###.........#...........#
.......†?.........#...........#
......###....r....#########.###
#.... ######@#.#.... #......
###. #######.#.####.###......
.. ........................ ..
.######.#.####.###...... .
.....#...# .# #......
#..)..####.###......
###.........######## .#
#..........## #
.....#.#........ #


You could see a quokka.

Vanquished Creatures
  2 jackals (D:1)
  A ball python (D:1)
  A frilled lizard (D:1)
  2 kobolds (D:1)
6 creatures vanquished.

Notes
Turn   | Place    | Note
-------+----------+-------------------------------------------
     0 | D:1      | SnakkuSnakku7 the Tengu Earth Elementalist began the quest
                  | for the Orb.
     0 | D:1      | Reached XP level 1. HP: 10/10 MP: 4/4
    33 | D:1      | Found Reen's Antique Armour Emporium.
   418 | D:1      | Slain by a quokka

Illustrated notes

Levels and vault maps discovered:
D:1:      shiori_arrival_oz, layout_rooms, serial_shops, nicolae_shop_stone,
          nicolae_shop_trees, nicolae_shop_trees, nicolae_shop_advertising_works
          [nicolae_subvault_shop_adworks], lemuel_old_faithful

Action                   || total
-------------------------++-------
Melee: Unarmed           ||     3
       Kick              ||     1
       Peck              ||     1
 Cast: Sandblast         ||    12
Dodge: Dodged            ||    14
